FCL
FCL LOS ANGELES (N) DODGERS @ FCL CINCINNATI REDS
06/09/2042
 
TOP OF THE 1ST
FCL Los Angeles (N) Dodgers batting - Pitching for FCL Cincinnati Reds : RHP Raúl Ruíz
Pitching: RHP Raúl Ruíz
Batting: LHB Steve Drews 0-0: Called Strike
0-1: Ball
1-1: Called Strike
1-2: Strikes out swinging
Batting: RHB Bobby Bowman 0-0: Swinging Strike
0-1: Called Strike
0-2: Strikes out swinging
Batting: LHB Geoffrey Brooks 0-0: Foul Ball, location: 2F
0-1: Ball
1-1: Called Strike
1-2: Strikes out swinging
Top of the 1st over - 0 runs, 0 hits, 0 errors, 0 left on base; FCL Los Angeles (N) 0 - FCL Cincinnati 0
BOTTOM OF THE 1ST
FCL Cincinnati Reds batting - Pitching for FCL Los Angeles (N) Dodgers : LHP Tommy McCoy
Pitching: LHP Tommy McCoy
Batting: RHB Dan Reed 0-0: Swinging Strike
0-1: Ball
1-1: Fly out, F4 (Popup, 4M, EV 70.6 MPH)
Batting: RHB Jerry Brown 0-0: Called Strike
0-1: Ball
1-1: Ball
2-1: Foul Ball, location: 7LDF
2-2: Ground out 4-3 (Groundball, 4, EV 103.8 MPH)
Batting: RHB Ron Ross 0-0: Swinging Strike
0-1: Foul Ball, location: 2F
0-2: Strikes out swinging
Bottom of the 1st over - 0 runs, 0 hits, 0 errors, 0 left on base; FCL Los Angeles (N) 0 - FCL Cincinnati 0
TOP OF THE 2ND
FCL Los Angeles (N) Dodgers batting - Pitching for FCL Cincinnati Reds : RHP Raúl Ruíz
Batting: LHB Sanho Morgado 0-0: Ball
1-0: Ball
2-0: Foul Ball, location: 2F
2-1: Foul Ball, location: 5FF
2-2: Foul Ball, location: 7LSF
2-2: Ball
3-2: Base on Balls
Batting: RHB Donnie Roberts 0-0: Called Strike
0-1: Ball
1-1: Ball
2-1: Ball
3-1: Foul Ball, location: 2F
3-2: Fly out, F9 (Flyball, 89S, EV 95.6 MPH)
Batting: LHB Tomás Bueno 0-0: Called Strike
0-1: Foul Ball, location: 5F
0-2: Ball
1-2: Strikes out looking
Batting: RHB Dan Alexander 0-0: Foul Ball, location: 25F
0-1: Foul Ball, location: 3DF
0-2: Ball
1-2: Foul Ball, location: 7LDF
1-2: Strikes out looking
Top of the 2nd over - 0 runs, 0 hits, 0 errors, 1 left on base; FCL Los Angeles (N) 0 - FCL Cincinnati 0
BOTTOM OF THE 2ND
FCL Cincinnati Reds batting - Pitching for FCL Los Angeles (N) Dodgers : LHP Tommy McCoy
Batting: RHB Curt Moore 0-0: Ground out 5-3 (Groundball, 56S, EV 79.4 MPH)
Batting: LHB Kenji Takeda 0-0: Ball
1-0: Ball
2-0: Ground out 6-3 (Groundball, 6, EV 81.9 MPH)
Batting: RHB Bobby Dunham 0-0: Called Strike
0-1: SINGLE (Line Drive, 34D, EV 98.1 MPH)
Batting: RHB Jim Unknown 0-0: Foul Ball, location: 2F
0-1: Ball
1-1: Foul Ball, location: 5F
1-2: Ball
2-2: Foul Ball, location: 9LSF
2-2: Foul Ball, location: 7LSFF
2-2: Foul Ball, location: 9LDF
2-2: Fly out, F8 (Flyball, 78S, EV 86.9 MPH)
Bottom of the 2nd over - 0 runs, 1 hit, 0 errors, 1 left on base; FCL Los Angeles (N) 0 - FCL Cincinnati 0
TOP OF THE 3RD
FCL Los Angeles (N) Dodgers batting - Pitching for FCL Cincinnati Reds : RHP Raúl Ruíz
Batting: RHB Cipriano Reyes 0-0: Ball
1-0: Called Strike
1-1: Foul Ball, location: 25F
1-2: Ball
2-2: Strikes out swinging
Batting: SHB Ken Thompson 0-0: Ball
1-0: Ball
2-0: Ball
3-0: Base on Balls
Batting: LHB Steve Drews 0-0: Swinging Strike
0-1: Ball
1-1: Foul Ball, location: 2F
1-2: TRIPLE (Line Drive, 89XD, EV 99.4 MPH)
Ken Thompson scores
Batting: RHB Bobby Bowman 0-0: Fly out, F6 (Popup, 6M, EV 64.4 MPH)
Batting: LHB Geoffrey Brooks 0-0: 2-RUN HOME RUN (Flyball, 89XD, EV 103.1 MPH), Distance : 419 ft
Batting: LHB Sanho Morgado 0-0: Ball
1-0: Ball
2-0: Swinging Strike
2-1: Ground out 5-3 (Groundball, 56, EV 102.5 MPH)
Top of the 3rd over - 3 runs, 2 hits, 0 errors, 0 left on base; FCL Los Angeles (N) 3 - FCL Cincinnati 0
BOTTOM OF THE 3RD
FCL Cincinnati Reds batting - Pitching for FCL Los Angeles (N) Dodgers : LHP Tommy McCoy
Batting: LHB Chris Cox 0-0: Ball
1-0: Fly out, F3 (Popup, 3SF, EV 72.5 MPH)
Batting: LHB Jim Unknown 0-0: Swinging Strike
0-1: Foul Ball, location: 7LMF
0-2: Foul Ball, location: 2F
0-2: Strikes out looking
Batting: RHB Dan Reed 0-0: Called Strike
0-1: Ball
1-1: Foul Ball, location: 25F
1-2: Strikes out looking
Bottom of the 3rd over - 0 runs, 0 hits, 0 errors, 0 left on base; FCL Los Angeles (N) 3 - FCL Cincinnati 0
TOP OF THE 4TH
FCL Los Angeles (N) Dodgers batting - Pitching for FCL Cincinnati Reds : RHP Raúl Ruíz
Batting: RHB Donnie Roberts 0-0: Ball
1-0: Fly out, F8 (Flyball, 8RXD, EV 108.8 MPH)
Batting: LHB Tomás Bueno 0-0: Fly out, F7 (Flyball, 78S, EV 87.5 MPH)
Batting: RHB Dan Alexander 0-0: Ball
1-0: Foul Ball, location: 5F
1-1: Foul Ball, location: 9LSF
1-2: Ball
2-2: Foul Ball, location: 2F
2-2: Strikes out swinging
Top of the 4th over - 0 runs, 0 hits, 0 errors, 0 left on base; FCL Los Angeles (N) 3 - FCL Cincinnati 0
BOTTOM OF THE 4TH
FCL Cincinnati Reds batting - Pitching for FCL Los Angeles (N) Dodgers : LHP Tommy McCoy
Batting: RHB Jerry Brown 0-0: Ball
1-0: Ball
2-0: Ball
3-0: Base on Balls
Batting: RHB Ron Ross 0-0: Ball
1-0: Called Strike
1-1: Ball
2-1: Ball
3-1: Foul Ball, location: 25F
3-2: 2-RUN HOME RUN (Flyball, 7LD, EV 98.8 MPH), Distance : 354 ft
Batting: RHB Curt Moore 0-0: Ball
1-0: Ball
2-0: Called Strike
2-1: Foul Ball, location: 9LDF
2-2: Fly out, F7 (Flyball, 78M, EV 81.3 MPH)
Batting: LHB Kenji Takeda 0-0: Ball
1-0: Called Strike
1-1: Fly out, F7 (Flyball, 7, EV 94.4 MPH)
Batting: RHB Bobby Dunham 0-0: Called Strike
0-1: Swinging Strike
0-2: Foul Ball, location: 9LSF
0-2: Fly out, F8 (Line Drive, 78M, EV 108.1 MPH)
Bottom of the 4th over - 2 runs, 1 hit, 0 errors, 0 left on base; FCL Los Angeles (N) 3 - FCL Cincinnati 2
TOP OF THE 5TH
FCL Los Angeles (N) Dodgers batting - Pitching for FCL Cincinnati Reds : RHP Raúl Ruíz
Batting: RHB Cipriano Reyes 0-0: Ball
1-0: Swinging Strike
1-1: Ball
2-1: Swinging Strike
2-2: Strikes out swinging
Batting: SHB Ken Thompson 0-0: Called Strike
0-1: Ball
1-1: Ball
2-1: Foul Ball, location: 3F
2-2: Strikes out swinging
Batting: LHB Steve Drews 0-0: Ball
1-0: Ground out 4-3 (Groundball, 34D, EV 107.5 MPH)
Top of the 5th over - 0 runs, 0 hits, 0 errors, 0 left on base; FCL Los Angeles (N) 3 - FCL Cincinnati 2
BOTTOM OF THE 5TH
FCL Cincinnati Reds batting - Pitching for FCL Los Angeles (N) Dodgers : LHP Tommy McCoy
Batting: RHB Jim Unknown 0-0: Ball
1-0: Fly out, F2 (Popup, 15S, EV 88.8 MPH)
Batting: LHB Chris Cox 0-0: Called Strike
0-1: Ball
1-1: Ball
2-1: Swinging Strike
2-2: Ground out 4-3 (Groundball, 4, EV 81.3 MPH)
Batting: LHB Jim Unknown 0-0: Called Strike
0-1: Ground out 1-3 (Groundball, 13, EV 65.0 MPH)
Bottom of the 5th over - 0 runs, 0 hits, 0 errors, 0 left on base; FCL Los Angeles (N) 3 - FCL Cincinnati 2
TOP OF THE 6TH
FCL Los Angeles (N) Dodgers batting - Pitching for FCL Cincinnati Reds : RHP Raúl Ruíz
Batting: RHB Bobby Bowman 0-0: Ball
1-0: Called Strike
1-1: Foul Ball, location: 2F
1-2: Ground out 6-3 (Groundball, 6, EV 76.9 MPH)
Batting: LHB Geoffrey Brooks 0-0: Foul Ball, location: 9LSFF
0-1: Ball
1-1: Ball
2-1: Called Strike
2-2: Ball
3-2: Foul Ball, location: 2F
3-2: Strikes out swinging
Pitching: RHP Mario Mendoza
Batting: LHB Sanho Morgado 0-0: Ball
1-0: Called Strike
1-1: Ball
2-1: Called Strike
2-2: Strikes out swinging
Top of the 6th over - 0 runs, 0 hits, 0 errors, 0 left on base; FCL Los Angeles (N) 3 - FCL Cincinnati 2
BOTTOM OF THE 6TH
FCL Cincinnati Reds batting - Pitching for FCL Los Angeles (N) Dodgers : LHP Tommy McCoy
Batting: RHB Dan Reed 0-0: Ball
1-0: SOLO HOME RUN (Line Drive, 89XD, EV 103.8 MPH), Distance : 384 ft
Batting: RHB Jerry Brown 0-0: Ball
1-0: Ball
2-0: Ball
3-0: Called Strike
3-1: Base on Balls
Batting: RHB Ron Ross 0-0: Foul Ball, location: 7LDF
0-1: Swinging Strike
0-2: Foul Ball, location: 23FF
0-2: Strikes out swinging
Batting: RHB Curt Moore 0-0: Called Strike
0-1: Ball
Pickoff Throw to First - Out! 1-3 CS
1-1: Called Strike
1-2: Strikes out swinging
Bottom of the 6th over - 1 run, 1 hit, 0 errors, 0 left on base; FCL Los Angeles (N) 3 - FCL Cincinnati 3
TOP OF THE 7TH
FCL Los Angeles (N) Dodgers batting - Pitching for FCL Cincinnati Reds : RHP Mario Mendoza
Batting: RHB Donnie Roberts 0-0: Foul Ball, location: 2F
0-1: Ball
1-1: Foul Ball, location: 9LMF
1-2: Foul Ball, location: 23F
1-2: Ball
2-2: Ball
3-2: Foul Ball, location: 2F
3-2: Foul Ball, location: 7LMFF
3-2: Foul Ball, location: 9LDF
3-2: Foul Ball, location: 3FF
3-2: Foul Ball, location: 9LMF
3-2: Foul Ball, location: 5SF
3-2: Strikes out swinging
Batting: LHB Tomás Bueno 0-0: Fly out, F8 (Flyball, 8LM, EV 95.0 MPH)
Batting: RHB Dan Alexander 0-0: Ground out 4-3 (Groundball, 34, EV 101.3 MPH)
Top of the 7th over - 0 runs, 0 hits, 0 errors, 0 left on base; FCL Los Angeles (N) 3 - FCL Cincinnati 3
BOTTOM OF THE 7TH
FCL Cincinnati Reds batting - Pitching for FCL Los Angeles (N) Dodgers : LHP Tommy McCoy
Pitching: LHP Manny Hernández
Batting: LHB Kenji Takeda 0-0: Ball
1-0: Called Strike
1-1: Ball
2-1: Swinging Strike
2-2: Foul Ball, location: 3F
2-2: Strikes out swinging
Batting: RHB Bobby Dunham 0-0: Ball
1-0: Called Strike
1-1: Ball
2-1: Foul Ball, location: 2F
2-2: Ball
3-2: Foul Ball, location: 2F
3-2: Base on Balls
Batting: RHB Jim Unknown 0-0: Called Strike
0-1: Called Strike
0-2: Foul Ball, location: 2F
0-2: Ball
1-2: Ball
2-2: Strikes out swinging
Batting: LHB Chris Cox 0-0: Called Strike
0-1: Ball
1-1: Ball
Bobby Dunham steals 2nd, throwing error, E2
Bobby Dunham to third
2-1: Ball
3-1: Called Strike
3-2: Base on Balls
Batting: RHB Claude Moore 0-0: Called Strike
0-1: Swinging Strike
0-2: Ball
1-2: Ball
2-2: Strikes out swinging
Bottom of the 7th over - 0 runs, 0 hits, 1 error, 2 left on base; FCL Los Angeles (N) 3 - FCL Cincinnati 3
TOP OF THE 8TH
FCL Los Angeles (N) Dodgers batting - Pitching for FCL Cincinnati Reds : RHP Mario Mendoza
Pinch Hitting: RHB Wilbert Ray 0-0: Foul Ball, location: 25FF
0-1: Ball
1-1: Fly out, F8 (Flyball, 8RD, EV 91.9 MPH)
Batting: SHB Ken Thompson 0-0: Ball
1-0: Called Strike
1-1: SINGLE (Line Drive, 89S, EV 100.6 MPH)
Batting: LHB Steve Drews 0-0: Ball
1-0: Sac Bunt to 25 - play at second, runner OUT! 5-6
Pinch Hitting: SHB Jesús Salinas 0-0: Swinging Strike
0-1: Ball
1-1: Swinging Strike
1-2: Strikes out swinging
Top of the 8th over - 0 runs, 1 hit, 0 errors, 1 left on base; FCL Los Angeles (N) 3 - FCL Cincinnati 3
BOTTOM OF THE 8TH
FCL Cincinnati Reds batting - Pitching for FCL Los Angeles (N) Dodgers : LHP Manny Hernández
Now at 3B: Wilbert Ray
Now at SS: Sam McCarthy
Batting: RHB Dan Reed 0-0: Ball
1-0: Ball
2-0: Ball
3-0: Base on Balls
Batting: RHB Jerry Brown 0-0: Bunted foul
0-1: Called Strike
0-2: 2-RUN HOME RUN (Flyball, 78XD, EV 101.9 MPH), Distance : 398 ft
Batting: RHB Ron Ross 0-0: Called Strike
0-1: Foul Ball, location: 7LMF
0-2: Strikes out looking
Batting: RHB Curt Moore 0-0: Ball
1-0: Swinging Strike
1-1: Ball
2-1: Called Strike
2-2: Strikes out swinging
Batting: LHB Kenji Takeda 0-0: Ball
1-0: Ball
2-0: Ball
3-0: Called Strike
3-1: Called Strike
3-2: Foul Ball, location: 2F
3-2: Strikes out swinging
Bottom of the 8th over - 2 runs, 1 hit, 0 errors, 0 left on base; FCL Los Angeles (N) 3 - FCL Cincinnati 5
TOP OF THE 9TH
FCL Los Angeles (N) Dodgers batting - Pitching for FCL Cincinnati Reds : RHP Mario Mendoza
Batting: LHB Geoffrey Brooks 0-0: Swinging Strike
0-1: SOLO HOME RUN (Flyball, 89XD, EV 100.6 MPH), Distance : 399 ft
Pinch Hitting: RHB Chad King 0-0: Called Strike
0-1: Swinging Strike
0-2: Strikes out swinging
Pinch Hitting: RHB P.J. Dawson 0-0: Ball
1-0: Ball
2-0: Fly out, F8 (Flyball, 78D, EV 103.1 MPH)
Pinch Hitting: RHB Joe Fitzgerald 0-0: Called Strike
0-1: Swinging Strike
0-2: Ball
1-2: Strikes out swinging
Top of the 9th over - 1 run, 1 hit, 0 errors, 0 left on base; FCL Los Angeles (N) 4 - FCL Cincinnati 5
Friday, May 3rd , 2024 - OOTP Baseball 24.10 Build 82